 Dungeon Crawl Stone Soup version 0.31-a0-145-g046c7d2549 (webtiles) character file.

Game seed: 8475068270490992902

49 qw the Shooter (level 3, -2/31 HPs)
             Began as a Minotaur Hunter on June 7, 2023.
             Succumbed to a goblin's poison
             ... on level 2 of the Dungeon.
             The game lasted 00:00:40 (1991 turns).

qw the Shooter (Minotaur Hunter)                    Turns: 1991, Time: 00:00:40

Health: -2/31      AC:  6    Str: 15    XL:     3   Next: 53%
Magic:  2/2        EV: 11    Int:  6    God:
Gold:   93         SH:  0    Dex: 15    Spells: 2/2 levels left

rFire   . . .        Y - +0 shortbow
rCold   . . .        (shield currently unavailable)
rNeg    . . .        h - +0 ring mail
rPois   .            (helmet restricted)
rElec   .            (no cloak)
rCorr   .            i - +0 pair of gloves
SInv    .            (no boots)
Will    .....        e - amulet of regeneration
Stlth   +            (no ring)
HPRegen 1.05/turn    (no ring)
MPRegen 0.08/turn

%: no passive effects
@: lethally poisoned (-2 -> -10)
A: horns 2, retaliatory headbutt
a: no special abilities


You were on level 2 of the Dungeon.
You visited 1 branch of the dungeon, and saw 3 of its levels.

You collected 93 gold pieces.


Innate Abilities, Weirdness & Mutations

You have a pair of horns on your head.
You reflexively headbutt those who attack you in melee.


   Skills:
 - Level 3.0 Fighting
 - Level 5.6 Ranged Weapons
 + Level 0.2 Armour
 - Level 2.1 Dodging
 - Level 0.7 Stealth


You had 2 spell levels left.
You didn't know any spells.
Your spell library was empty.

Inventory:

Hand Weapons
 Y - a +0 shortbow (weapon)
Armour
 h - a +0 ring mail (worn)
 i - a +0 pair of gloves (worn)
Jewellery
 e - an amulet of regeneration (around neck)
Scrolls
 a - 3 scrolls of identify
Potions
 g - a potion of mutation
 j - a potion of might

Dungeon Overview and Level Annotations

Branches:
Dungeon (3/15)

Altars:
Cheibriados

Shops:
D:2 (

Annotations:
D:3 Robin


Message History

You shoot an arrow. The arrow completely misses the goblin.
You feel very sick. The goblin closely misses you.
The goblin hits you with a +0 dagger of venom.
A goblin comes into view. It is wielding a +0 dagger.
A hobgoblin comes into view.
1988 ||| STAIRDANCE You feel sick.
The hobgoblin hits you but does no damage. x2
The goblin hits you with a +0 dagger.
The goblin hits you with a +0 dagger of venom.
You are more poisoned.
You climb upwards.
You feel very sick.
There is a stone staircase leading down here.
Enter note:
Enter note:
Enter note:
Enter note:
Enter note:
Enter note:
Enter note:
Enter note:
Enter note:
Enter note:
Enter note:
Enter note:
Enter note:
Enter note:
Enter note: You shoot an arrow.
The arrow hits the hobgoblin!
You kill the hobgoblin!
You feel very sick. The goblin barely misses you.
The hobgoblin closely misses you. The goblin hits you with a +0 dagger.
The goblin hits you with a +0 dagger of venom.
You are more poisoned.
The hobgoblin barely misses you. The goblin hits you with a +0 dagger.
You shoot an arrow. The arrow barely misses the goblin.
You die...

#...##..###### #.# ###.#....##..#
'...+........# #.# ###.#....##..#
#...#........###.# #...###'###..#
#...#.........##.###.#####.###..#
#...#............................
#####.........##.......#....##..#
..# #..........#.......#....##..#
#.# #........#.#g%.....#....##..#
#.###........#..@g.....#....##..#
#.##.............g.....'.........
#.##########.###.......###.###..#
#.# #.# #.####### #.# #..# #.#
#.# #.# #.# #.## #.# #.# #.# #.#
#.## #.# #.# #.# #.# #.##
#.##########.# #.# #.# #<##
.............# #.# #.# ####


You could see a hobgoblin (strong) and 2 goblins.

Vanquished Creatures
  A worm (D:2)
  4 bats
  4 endoplasms
  2 giant cockroaches
  5 goblins
  4 hobgoblins
  4 jackals (D:1)
  A quokka (D:2)
  5 ball pythons
  5 frilled lizards
  4 kobolds
  4 rats
43 creatures vanquished.

Notes
Turn   | Place    | Note
-------+----------+-------------------------------------------
     0 | D:1      | qw the Minotaur Hunter began the quest for the Orb.
     0 | D:1      | Reached XP level 1. HP: 18/18 MP: 0/0
     0 | D:1      | 0 ||| qw: Version: 0.2-a-117-gc6b5c8b
     0 | D:1      | 0 ||| qw: Game counter: 2534
     0 | D:1      | 0 ||| qw: Always use a shield: true
     0 | D:1      | 0 ||| qw: God list: Okawaru
     0 | D:1      | 0 ||| qw: Allow faded altars: false
     0 | D:1      | 0 ||| qw: Do Orc after D:15 true
     0 | D:1      | 0 ||| qw: Do second Lair branch before Depths: true
     0 | D:1      | 0 ||| qw: Lair rune preference: random
     0 | D:1      | 0 ||| qw: Plans: Normal
     0 | D:1      | 0 ||| PLANNING D:1-11
   291 | D:1      | Reached XP level 2. HP: 25/25 MP: 1/1
   312 | D:1      | Reached skill level 5 in Ranged Weapons
   343 | D:1      | Found a faded altar of an unknown god.
   535 | D:1      | Reached skill level 3 in Fighting
   874 | D:1      | 874 ||| READING 5 scrolls labelled YLEYJUAMOA.
   875 | D:1      | 875 ||| READING scroll labelled EPUMIY GORYGG.
   876 | D:1      | 876 ||| READING scroll labelled PAMOJA ASUY.
   877 | D:1      | 877 ||| READING scroll labelled UCISHRO TEICE.
   881 | D:1      | 881 ||| DROPPING scroll of butterflies.
   901 | D:2      | 901 ||| STAIRDANCE
  1000 | D:2      | Reached XP level 3. HP: 31/31 MP: 2/2
  1142 | D:2      | Found a snail-covered altar of Cheibriados.
  1231 | D:2      | 1231 ||| FLEEEEING.
  1438 | D:2      | Found Ihumevuj's Weapon Shop.
  1441 | D:2      | 1441 ||| SHOPLISTING +3 heavy arbalest (251 gold, have 81).
  1910 | D:2      | 1910 ||| UPGRADING to +0 ring mail.
  1920 | D:2      | 1920 ||| DROPPING +0 leather armour.
  1921 | D:2      | 1921 ||| UPGRADING to +0 pair of gloves.
  1926 | D:2      | 1926 ||| UPGRADING to amulet of regeneration.
  1931 | D:2      | 1931 ||| READING 2 scrolls labelled HUCAEPSIBB.
  1932 | D:2      | 1932 ||| READING scroll labelled CECETO TAUTU.
  1933 | D:2      | 1933 ||| READING 6 scrolls of identify.
  1933 | D:2      | 1933 ||| IDENTIFYING bubbling amethyst potion
  1934 | D:2      | 1934 ||| READING 5 scrolls of identify.
  1934 | D:2      | 1934 ||| IDENTIFYING emerald potion
  1935 | D:2      | 1935 ||| READING 4 scrolls of identify.
  1935 | D:2      | 1935 ||| IDENTIFYING golden potion
  1936 | D:2      | 1936 ||| DROPPING potion of lignification.
  1937 | D:2      | 1937 ||| DROPPING scroll of fog.
  1983 | D:3      | Noticed Robin
  1988 | D:3      | 1988 ||| STAIRDANCE
  1990 | D:2      | HP: 7/31 [poisoned by a goblin]
  1990 | D:2      | HP: 2/31 [goblin/+0 dagger[Robin] (2)]
  1991 | D:2      | Succumbed to a goblin's poison

Levels and vault maps discovered:
D:1:      tarquinn_simple_flora_water_f, layout_basic,
          shapermc_ecumenical_altar_rom_forum, minmay_tromino_mix6
D:2:      minmay_spotlight, layout_basic, basic_altar, serial_shops,
          nicolae_shop_tiny_real_fake_doors
D:3:      layout_basic, uniq_robin

Skill      XL: |  1  2 |
---------------+-------+-----
Ranged Weapons | 5 |  5.6
Fighting       | 3 |  3.0
Armour         | |  0.2
Dodging        | |  2.1
Stealth        | |  0.7

Action                     || total
---------------------------++-------
   Fire: Shortbow          ||   123
    Use: Scroll            ||     9
 Armour: Leather armour    ||    17
         Ring mail         ||     4
  Dodge: Dodged            ||    44

Table legend:
 A = Non-vault XP
 B = Vault XP
 C = Vault XP percentage of total XP
 D = Non-vault monster count
 E = Vault monster count
 F = Vault count percentage of total count
                 A         B        C        D         E       F
            +---------+---------+-------+---------+---------+-------
      Total |      58 |      13 |  18.3 |      35 |       8 |  18.6
            +---------+---------+-------+---------+---------+-------
        D:1 |      31 |       6 |  16.2 |      20 |       4 |  16.7
        D:2 |      27 |       7 |  20.6 |      15 |       4 |  21.1
            +---------+---------+-------+---------+---------+-------
